 Dungeon Crawl Stone Soup version 0.29.0-4-gdea44cf6ec (webtiles) character file.

Game seed: 10740277566582703530

158 qw the Chopper (level 5, 0/30 HPs)
             Began as a Tengu Warper on Aug 28, 2022.
             Succumbed to a kobold's poison
             ... on level 4 of the Dungeon.
             The game lasted 00:00:26 (4871 turns).

qw the Chopper (Tengu Warper)                       Turns: 4871, Time: 00:00:27

Health: 0/30       AC:  8    Str: 14      XL:     5   Next: 40%
Magic:  9/9        EV:  7    Int: 11 (13) God:
Gold:   188        SH:  3    Dex: 11 (13) Spells: 8/8 levels left

rFire   . . .      SeeInvis .   Y - +1 hand axe
rCold   . . .      Faith    .   d - +0 buckler
rNeg    . . .      Spirit   .   n - +0 chain mail
rPois   .          Reflect  .   (helmet restricted)
rElec   .          Harm     .   (no cloak)
rCorr   .          Rampage  .   (no gloves)
Will    .....                   (boots unavailable)
Stlth   ..........              (no amulet)
HPRegen 0.10/turn               (no ring)
MPRegen 0.11/turn               (no ring)

@: lethally poisoned (0 -> -9), flying quickly and evasively, quick
A: beak, talons 3, nimble flight
a: no special abilities


You were on level 4 of the Dungeon.
You visited 1 branch of the dungeon, and saw 4 of its levels.

You collected 188 gold pieces.


Innate Abilities, Weirdness & Mutations

You have a beak for a mouth.
You have claws for feet.
Your magical nature lets you fly swiftly and evasively.


   Skills:
 - Level 2.0 Fighting
 + Level 5.6 Axes
 - Level 1.0 Throwing
 - Level 1.1 Armour
 - Level 2.1 Dodging
 - Level 1.4 Shields
 - Level 2.0 Spellcasting
 - Level 2.4 Translocations


You had 8 spell levels left.
You didn't know any spells.
Your spell library contained the following spells:

 Spells                   Type           Power      Damage    Failure   Level
 Blink                    Tloc           12%        N/A       99%         2
 Gell's Gravitas          Tloc           6%         N/A       100%        3
 Lesser Beckoning         Tloc           6%         N/A       100%        3
 Teleport Other           Tloc           6%         N/A       100%        3
 Manifold Assault         Tloc           6%         N/A       100%        5

Inventory:

Hand Weapons
 b - a +0 morningstar
 Y - a +1 hand axe (weapon)
Armour
 d - a +0 buckler (worn)
 n - a +0 chain mail (worn)
Scrolls
 a - a scroll of teleportation
 c - a scroll of identify
Potions
 h - a potion of lignification {unknown}
 i - a potion of haste
 j - a potion of curing {unknown}
 l - a potion of brilliance {unknown}
 m - a potion of ambrosia {unknown}
 o - a potion of mutation {unknown}

Dungeon Overview and Level Annotations

Branches:
Dungeon (4/15)
 Temple: D:4-7

Altars:
Yredelemnul

Shops:
D:1 [


Message History

You are more poisoned.
4825 ||| FLEEEEING.
You feel sick.
You feel sick.
The kobold throws a poisoned dart.
The poisoned dart barely misses you.
4827 ||| FLEEEEING.
You feel sick.
The kobold throws a poisoned dart.
The poisoned dart hits you.
You are more poisoned.
4828 ||| FLEEEEING.
You feel sick.
You feel sick.
You feel sick.
You feel sick.
You feel sick.
You feel sick.
You feel sick.
You feel sick.
You feel sick.
You are no longer poisoned.
You start resting.
A kobold is nearby!
4839 ||| FLEEEEING.
You start resting.
A kobold is nearby!
4862 ||| FLEEEEING.
4865 ||| FLEEEEING.
4866 ||| FLEEEEING.
The kobold throws a poisoned dart.
The poisoned dart hits you!
You are lethally poisoned!
4867 ||| FLEEEEING.
You feel very sick.
4868 ||| FLEEEEING.
You feel sick.
4869 ||| FLEEEEING.
You feel sick.
4870 ||| FLEEEEING.
You feel sick.
The kobold throws a poisoned dart.
The poisoned dart hits you.
You are more poisoned.
4871 ||| FLEEEEING.
You die...

....# ##### #.#
###)# #K# #.#
#.# #.# #.# #.#
#.# #.# #.# #.#
#.# #.# #.# #.#
#@# #.# #.#
#.############.#
#..............#
################


You could see a kobold.

Vanquished Creatures
  An iguana (D:4)
  2 adders
  4 gnolls (D:3)
  3 worms
  A dart slug (D:1)
  4 orcs (D:3)
  7 ball pythons
  2 endoplasms
  2 giant cockroaches
  6 goblins
  2 hobgoblins (D:1)
  2 jackals (D:3)
  10 kobolds
  2 quokkas
  4 bats
  3 frilled lizards
  7 rats
62 creatures vanquished.

Notes
Turn   | Place    | Note
-------+----------+-------------------------------------------
     0 | D:1      | qw the Tengu Warper began the quest for the Orb.
     0 | D:1      | Reached XP level 1. HP: 12/12 MP: 4/4
     0 | D:1      | 0 ||| qw: Version: 0.1-a-89-g26bdef1
     0 | D:1      | 0 ||| qw: Game counter: 2556
     0 | D:1      | 0 ||| qw: Always use a shield: true
     0 | D:1      | 0 ||| qw: God list: Okawaru
     0 | D:1      | 0 ||| qw: Allow faded altars: false
     0 | D:1      | 0 ||| qw: Do Orc after D:15 true
     0 | D:1      | 0 ||| qw: Do second Lair branch before Depths: true
     0 | D:1      | 0 ||| qw: Lair rune preference: random
     0 | D:1      | 0 ||| qw: Plans: Normal
     0 | D:1      | 0 ||| PLANNING D:1-11
     4 | D:1      | Noticed an electric eel
     5 | D:1      | Noticed an electric eel
   107 | D:1      | 107 ||| Stepping ~*~*~tactically~*~*~ (stealth).
   109 | D:1      | 109 ||| Stepping ~*~*~tactically~*~*~ (stealth).
   243 | D:1      | Reached skill level 3 in Axes
   243 | D:1      | Reached XP level 2. HP: 17/17 MP: 6/6
   251 | D:1      | HP: 4/17 [quokka (1)]
   899 | D:1      | Found Savyfesh's Antique Armour Boutique.
   902 | D:1      | 902 ||| DROPPING +0 club.
   905 | D:1      | 905 ||| SHOPLISTING chain mail (121 gold, have 36).
   905 | D:1      | 905 ||| SHOPLISTING cloak (121 gold, have 36).
   905 | D:1      | 905 ||| SHOPLISTING embroidered hat (189 gold, have 36).
   905 | D:1      | 905 ||| SHOPLISTING ring mail (108 gold, have 36).
   918 | D:1      | Found a faded altar of an unknown god.
  1110 | D:1      | 1110 ||| Stepping ~*~*~tactically~*~*~ (hiding).
  1289 | D:1      | 1289 ||| UPGRADING to +0 ring mail.
  1299 | D:1      | 1299 ||| DROPPING +0 leather armour.
  1300 | D:1      | 1300 ||| READING scroll labelled VAERPHA HASIDEE.
  1301 | D:1      | 1301 ||| READING scroll labelled ICU EDGHI QUKLE.
  1304 | D:1      | 1304 ||| READING scroll labelled GAUZOUTYEMP.
  1305 | D:1      | 1305 ||| READING scroll labelled ZYOTHR CEFOF.
  1306 | D:1      | 1306 ||| DRINKING 2 grey potions.
  1307 | D:1      | 1307 ||| DROPPING scroll of blinking.
  1308 | D:1      | 1308 ||| Stepping randomly (stuck).
  1309 | D:1      | 1309 ||| Stepping ~*~*~tactically~*~*~ (cloud).
  1627 | D:2      | Reached XP level 3. HP: 19/21 MP: 7/7
  1653 | D:2      | 1653 ||| DROPPING +0 whip.
  1808 | D:2      | Found a basalt altar of Yredelemnul.
  1971 | D:2      | 1971 ||| Stepping ~*~*~tactically~*~*~ (stealth).
  1972 | D:2      | 1972 ||| Stepping ~*~*~tactically~*~*~ (stealth).
  2172 | D:2      | Reached skill level 4 in Axes
  2362 | D:2      | 2362 ||| Stepping ~*~*~tactically~*~*~ (stealth).
  2765 | D:2      | 2765 ||| DROPPING +6 ring of intelligence.
  2766 | D:2      | 2766 ||| READING scroll labelled WOPPIOTSIPT.
  2767 | D:2      | 2767 ||| READING scroll labelled ISTRIU LAUGU.
  2768 | D:2      | 2768 ||| READING 2 scrolls of identify.
  2768 | D:2      | 2768 ||| IDENTIFYING blue potion
  2769 | D:2      | 2769 ||| DROPPING potion of magic.
  2795 | D:3      | 2795 ||| STAIRDANCE
  2959 | D:3      | Reached XP level 4. HP: 26/26 MP: 8/8
  3304 | D:3      | Reached skill level 5 in Axes
  3537 | D:3      | 3537 ||| Stepping ~*~*~tactically~*~*~ (stealth).
  3541 | D:3      | 3541 ||| Stepping ~*~*~tactically~*~*~ (stealth).
  3546 | D:3      | 3546 ||| Stepping ~*~*~tactically~*~*~ (stealth).
  3550 | D:3      | Gained mutation: Your magical nature lets you fly swiftly
                  | and evasively. [Tengu growth]
  3550 | D:3      | Reached XP level 5. HP: 21/30 MP: 9/9
  3595 | D:3      | 3595 ||| Stepping ~*~*~tactically~*~*~ (stealth).
  3596 | D:3      | 3596 ||| Stepping ~*~*~tactically~*~*~ (stealth).
  3639 | D:3      | 3639 ||| FLEEEEING.
  3640 | D:3      | 3640 ||| FLEEEEING.
  3641 | D:3      | 3641 ||| FLEEEEING.
  3642 | D:3      | 3642 ||| FLEEEEING.
  3643 | D:3      | 3643 ||| FLEEEEING.
  3644 | D:3      | 3644 ||| FLEEEEING.
  3645 | D:3      | 3645 ||| FLEEEEING.
  3646 | D:3      | 3646 ||| FLEEEEING.
  3647 | D:3      | 3647 ||| FLEEEEING.
  3648 | D:3      | 3648 ||| FLEEEEING.
  3649 | D:3      | 3649 ||| FLEEEEING.
  3651 | D:3      | 3651 ||| FLEEEEING.
  3652 | D:3      | 3652 ||| FLEEEEING.
  3653 | D:3      | 3653 ||| FLEEEEING.
  3654 | D:3      | 3654 ||| FLEEEEING.
  3655 | D:3      | 3655 ||| FLEEEEING.
  3656 | D:3      | 3656 ||| FLEEEEING.
  3657 | D:3      | 3657 ||| FLEEEEING.
  3658 | D:3      | 3658 ||| FLEEEEING.
  3659 | D:3      | 3659 ||| FLEEEEING.
  3660 | D:3      | 3660 ||| FLEEEEING.
  3661 | D:3      | 3661 ||| FLEEEEING.
  3662 | D:3      | 3662 ||| FLEEEEING.
  3663 | D:3      | 3663 ||| FLEEEEING.
  3672 | D:3      | 3672 ||| FLEEEEING.
  3673 | D:3      | 3673 ||| FLEEEEING.
  3674 | D:3      | 3674 ||| FLEEEEING.
  3675 | D:3      | 3675 ||| STAIRDANCE
  3759 | D:2      | 3759 ||| UPGRADING to +0 buckler.
  3764 | D:2      | 3764 ||| UPGRADING to +0 chain mail.
  3774 | D:2      | 3774 ||| DROPPING +0 ring mail.
  3775 | D:2      | 3775 ||| READING scroll labelled AVAEC IL YGRA.
  3776 | D:2      | 3776 ||| DRINKING 2 glowing orange potions.
  3777 | D:2      | 3777 ||| READING 2 scrolls of identify.
  3777 | D:2      | 3777 ||| IDENTIFYING silvery potion
  3778 | D:2      | 3778 ||| DROPPING potion of degeneration.
  3784 | D:3      | 3784 ||| STAIRDANCE
  3842 | D:3      | 3842 ||| DROPPING +0 flail.
  4156 | D:4      | 4156 ||| FLEEEEING.
  4341 | D:4      | 4341 ||| Stepping ~*~*~tactically~*~*~ (stealth).
  4349 | D:4      | HP: 3/30 [iguana (5)]
  4350 | D:4      | 4350 ||| READING scroll of teleportation.
  4351 | D:4      | 4351 ||| DRINKING potion of heal wounds.
  4395 | D:4      | HP: 5/30 [iguana (7)]
  4398 | D:4      | Reached skill level 1 in Shields
  4415 | D:4      | 4415 ||| FLEEEEING.
  4416 | D:4      | 4416 ||| FLEEEEING.
  4419 | D:4      | 4419 ||| FLEEEEING.
  4420 | D:4      | 4420 ||| FLEEEEING.
  4421 | D:4      | 4421 ||| FLEEEEING.
  4422 | D:4      | 4422 ||| FLEEEEING.
  4423 | D:4      | 4423 ||| FLEEEEING.
  4424 | D:4      | 4424 ||| FLEEEEING.
  4425 | D:4      | 4425 ||| FLEEEEING.
  4426 | D:4      | 4426 ||| FLEEEEING.
  4427 | D:4      | 4427 ||| FLEEEEING.
  4428 | D:4      | 4428 ||| FLEEEEING.
  4429 | D:4      | 4429 ||| FLEEEEING.
  4430 | D:4      | 4430 ||| FLEEEEING.
  4441 | D:4      | 4441 ||| FLEEEEING.
  4442 | D:4      | 4442 ||| FLEEEEING.
  4443 | D:4      | 4443 ||| FLEEEEING.
  4444 | D:4      | 4444 ||| FLEEEEING.
  4445 | D:4      | 4445 ||| FLEEEEING.
  4446 | D:4      | 4446 ||| FLEEEEING.
  4447 | D:4      | 4447 ||| FLEEEEING.
  4448 | D:4      | 4448 ||| FLEEEEING.
  4449 | D:4      | 4449 ||| FLEEEEING.
  4460 | D:4      | 4460 ||| FLEEEEING.
  4461 | D:4      | 4461 ||| FLEEEEING.
  4462 | D:4      | 4462 ||| FLEEEEING.
  4473 | D:4      | 4473 ||| FLEEEEING.
  4474 | D:4      | 4474 ||| STAIRDANCE
  4750 | D:4      | 4750 ||| FLEEEEING.
  4822 | D:4      | 4822 ||| FLEEEEING.
  4823 | D:4      | 4823 ||| FLEEEEING.
  4824 | D:4      | 4824 ||| FLEEEEING.
  4825 | D:4      | 4825 ||| FLEEEEING.
  4827 | D:4      | 4827 ||| FLEEEEING.
  4828 | D:4      | 4828 ||| FLEEEEING.
  4835 | D:4      | HP: 7/30 [poisoned by a kobold]
  4839 | D:4      | 4839 ||| FLEEEEING.
  4862 | D:4      | 4862 ||| FLEEEEING.
  4865 | D:4      | 4865 ||| FLEEEEING.
  4866 | D:4      | 4866 ||| FLEEEEING.
  4867 | D:4      | 4867 ||| FLEEEEING.
  4867 | D:4      | HP: 6/30 [poisoned by a kobold]
  4868 | D:4      | 4868 ||| FLEEEEING.
  4869 | D:4      | 4869 ||| FLEEEEING.
  4870 | D:4      | 4870 ||| FLEEEEING.
  4870 | D:4      | HP: 2/30 [poisoned by a kobold]
  4871 | D:4      | 4871 ||| FLEEEEING.
  4871 | D:4      | Succumbed to a kobold's poison

Levels and vault maps discovered:
D:1:      arrival_aquarium_b, layout_basic, shapermc_ecumenical_altar_rom_forum,
          serial_shops, shop, minmay_split_cup_small
D:2:      layout_basic, serial_co_window_serial, co_window_paths_b,
          co_window_corner_a, co_window_corner_a, co_window_corner_a,
          co_window_corner_a, co_window_of_opportunity_c,
          co_window_of_opportunity_b, co_window_paths_c, co_window_corner_b,
          co_window_unsneaky_path_c, co_window_broadway_c, co_window_paths_e,
          basic_altar, amethyst_killhole, minmay_pentomino_z4
D:3:      layout_loops_ring
D:4:      layout_basic, uniq_robin

Skill      XL: |  1  2  3  4  5 |
---------------+----------------+-----
Axes           | 3 4 5 |  5.6
Shields        | 1 |  1.4
Fighting       | |  2.0
Throwing       | |  1.0
Armour         | |  1.1
Dodging        | |  2.1
Spellcasting   | |  2.0
Translocations | |  2.4

Action                   |  1- 3 |  4- 6 || total
-------------------------+-------+-------++-------
Melee: Hand axe          |    89 |    95 ||   184
       Kick              |    13 |    19 ||    32
       Peck              |    15 |    16 ||    31
       Punch             |     1 |       ||     1
Throw: Boomerang         |     7 |       ||     7
  Use: Scroll            |     7 |     3 ||    10
       Potion            |     1 |     2 ||     3
Armor: Leather armour    |    20 |       ||    20
       Ring mail         |    13 |     8 ||    21
       Chain mail        |       |     7 ||     7
Dodge: Dodged            |    39 |    49 ||    88

Table legend:
 A = Non-vault XP
 B = Vault XP
 C = Vault XP percentage of total XP
 D = Non-vault monster count
 E = Vault monster count
 F = Vault count percentage of total count
                 A         B        C        D         E       F
            +---------+---------+-------+---------+---------+-------
      Total |     214 |      13 |   5.7 |      56 |       6 |   9.7
            +---------+---------+-------+---------+---------+-------
        D:1 |      23 |       7 |  23.3 |      15 |       3 |  16.7
        D:2 |      27 |       6 |  18.2 |      10 |       3 |  23.1
        D:3 |     117 |       0 |   0.0 |      26 |       0 |   0.0
        D:4 |      47 |       0 |   0.0 |       5 |       0 |   0.0
            +---------+---------+-------+---------+---------+-------
